 Dungeon Crawl Stone Soup version 0.24.0-37-gcf1ca852f1 (webtiles) character file.

Game seed: 10866061713534080649, levelgen mode: deterministic

103 Froggeryz the Cudgeler (level 4, -3/28 HPs)
             Began as a Gargoyle Fighter on Dec 8, 2019.
             Killed from afar by an orc wizard (9 damage)
             ... with a puff of flame
             ... on level 2 of the Dungeon.
             The game lasted 00:02:21 (2085 turns).

Froggeryz the Cudgeler (Gargoyle Fighter)           Turns: 2085, Time: 00:02:21

Health: -3/28      AC: 11    Str: 20    XL:     4   Next: 79%
Magic:  4/4        EV:  7    Int:  9    God:
Gold:   67         SH:  9    Dex:  9    Spells: 3/3 levels left

rFire    . . .     SeeInvis .   a - +0 flail
rCold    . . .     Gourm    .   c - +0 shield
rNeg     + . .     Faith    .   b - +0 scale mail
rPois    ∞         Spirit   .   (no helmet)
rElec    +         Reflect  .   (no cloak)
rCorr    .         Harm     .   r - +0 pair of gloves
MR       +....                  (no boots)
Stlth    ..........             (no amulet)
HPRegen  0.09/turn              p - ring of protection from magic
MPRegen  0.09/turn              (no ring)

@: no status effects
A: negative energy resistance 1, electricity resistance, unbreathing,
petrification resistance, rot immunity, AC +3
a: no special abilities


You were on level 2 of the Dungeon.
You were not hungry.

You visited 1 branch of the dungeon, and saw 3 of its levels.

You collected 67 gold pieces.

Inventory:

Hand Weapons
 a - a +0 flail (weapon)
Missiles
 k - 27 poisoned darts (quivered)
Armour
 b - a +0 scale mail (worn)
 c - a +0 shield (worn)
 r - a +0 pair of gloves (worn)
Jewellery
 l - an uncursed ring of fire {unknown}
 p - a ring of protection from magic (left hand)
Scrolls
 e - 2 scrolls of identify {unknown}
 h - a scroll of enchant armour {unknown}
 i - 3 scrolls of noise {unknown}
 j - 2 scrolls of amnesia {unknown}
 n - a scroll of random uselessness {unknown}
Potions
 d - a potion of might
 g - a potion of invisibility {unknown}
 m - 3 potions of curing {unknown}
 q - a potion of heal wounds {unknown}
 s - a potion of resistance {unknown}
 t - a potion of haste
Comestibles
 f - 7 rations
 o - a chunk of flesh


   Skills:
 - Level 3.2 Fighting
 * Level 4.8 Maces & Flails
 - Level 3.2 Armour
 - Level 3.2 Shields


You had 3 spell levels left.
You didn't know any spells.
Your spell library was empty.

Dungeon Overview and Level Annotations

Branches:
Dungeon (3/15)

Altars:


Innate Abilities, Weirdness & Mutations

You are resistant to torment.
Your stone body is resilient. (AC +3)
You are immune to poison.
You resist negative energy. (rN+)
You are resistant to electric shocks. (rElec)
You can survive without breathing.
You are immune to petrification.
You are immune to rotting.


Message History

You see here an adder corpse.
There is a stone staircase leading up here.
You see here 3 stones.
Something hits you but does no damage.
You climb upwards.
Reactivating autopickup.
There is a stone staircase leading down here.
You block something's attack.
Deactivating autopickup; reactivate with Ctrl-A.
Something hits you but does no damage.
There is a stone staircase leading down here.
You closely miss something. You block something's attack.
You miss something. Something hits you but does no damage. Something hits you.
* * * LOW HITPOINT WARNING * * *
You barely miss something. You block something's attack.
You closely miss something.
You hear some strange, mumbled words.
A puff of flame appears from out of thin air!
The puff of flame hits you!
You die...

..........##...#....##...#
#.# #
..........###..#....##...#
#.# # ..........#
#..#....###### #.# #
..).......# ##.#....#
#.### ..........# #.#....#
#...† ..........#
#.#....#### #####
..........# #.........#
..........#####.....##.#
................@...##.#
######
..........############.#
#..... ..........# #.#
#.#### ..........# #.#
#.#... ########.## #.#
#.#.## #.# #.# #.#... #.#
#.#####.#### #.#
#.#......... ########.#
#[#.###.####


There were no monsters in sight!

Vanquished Creatures
  2 adders
  An ooze (D:1)
  3 dart slugs
  2 leopard geckos
  2 orcs (D:3)
  4 bats
  4 giant cockroaches (D:1)
  7 goblins
  5 hobgoblins
  9 kobolds
  A ball python (D:1)
  6 frilled lizards
  5 rats
51 creatures vanquished.

Vanquished Creatures (others)
  An orc wizard (D:3)
1 creature vanquished.

Grand Total: 52 creatures vanquished

Notes
Turn   | Place    | Note
-------+----------+-------------------------------------------
     0 | D:1      | Froggeryz the Gargoyle Fighter began the quest for the Orb.
     0 | D:1      | Reached XP level 1. HP: 14/14 MP: 1/1
    44 | D:1      | Reached XP level 2. HP: 19/19 MP: 2/2
   173 | D:1      | Reached skill level 3 in Maces & Flails
   267 | D:1      | Reached XP level 3. HP: 13/23 MP: 3/3
  1326 | D:2      | Reached skill level 4 in Maces & Flails
  1485 | D:2      | Reached XP level 4. HP: 28/28 MP: 4/4
  2085 | D:2      | Killed from afar by an orc wizard

Levels and vault maps discovered:
D:1:      dpeg_arrival_tiny_k, layout_loops_cross
D:2:      layout_basic, first_ration
D:3:      layout_basic, chequers_ecumenical_altar_grove

Skill      XL: |  1  2  3 |
---------------+----------+-----
Maces & Flails | 3 4 |  4.8
Fighting       | |  3.2
Armour         | |  3.2
Shields        | |  3.2

Action                   |  1- 3 |  4- 6 || total
-------------------------+-------+-------++-------
Melee: Flail             |   157 |    69 ||   226
  Eat: Chunk             |     2 |     2 ||     4
Armor: Scale mail        |    58 |    54 ||   112
Dodge: Dodged            |    39 |    18 ||    57
Block: Shield            |    83 |    43 ||   126
